 Dungeon Crawl Stone Soup version 0.26-a0-597-gb535b0901c (webtiles) character file.

Game seed: 5395819322018877517

(classic levelgen) 2734 EnegeticOcto the Cleaver (level 9, 45/82 HPs)
             Began as a Deep Dwarf Fighter on Aug 27, 2020.
             Was a Follower of Makhleb.
             Quit the game on level 8 of the Dungeon.
             The game lasted 00:03:08 (3334 turns).

EnegeticOcto the Cleaver (Deep Dwarf Fighter)       Turns: 3334, Time: 00:03:09

Health: 45/82      AC: 10    Str: 24    XL:     9   Next: 40%
Magic:  0/0        EV:  6    Int:  8    God:    Makhleb [*.....]
Gold:   302        SH: 17    Dex: 12    Spells: 8/8 levels left

rFire    . . .     SeeInvis .   a - +0 war axe
rCold    . . .     Faith    .   c - +1 kite shield
rNeg     . . .     Spirit   .   k - +0 chain mail {MR+}
rPois    .         Reflect  +   (no helmet)
rElec    .         Harm     .   (no cloak)
rCorr    .                      (no gloves)
MR       ++...                  (no boots)
Stlth    ..........             i - amulet of reflection
HPRegen  0.00/turn              (no ring)
MPRegen  0.07/turn              (no ring)

@: non-regenerating
A: damage resistance, heal wounds, sense surroundings 2, no regeneration
a: Heal Wounds, Renounce Religion


You were on level 8 of the Dungeon.
You worshipped Makhleb.
Makhleb was aware of your devotion.
You visited 1 branch of the dungeon, and saw 8 of its levels.
You also visited: Sewer.

You collected 302 gold pieces.

Inventory:

Hand Weapons
 a - a +0 war axe (weapon)
Missiles
 l - a throwing net (quivered)
Armour
 c - a +1 kite shield (worn)
 k - a +0 chain mail of magic resistance (worn)
Jewellery
 i - an amulet of reflection (around neck)
Wands
 n - a wand of acid (3) {@v1}
Scrolls
 f - 8 scrolls of remove curse {@r2}
 g - a scroll of immolation {@r4}
 m - 5 scrolls of teleportation {@r3}
Potions
 b - 4 potions of degeneration
 d - a potion of might {@q3}
 e - a potion of brilliance {unknown}
 h - a potion of berserk rage
 j - a potion of magic
 o - a potion of haste {@q4}
 p - 2 potions of invisibility
 q - a potion of heal wounds {@q2}
 r - a potion of stabbing {@q5}
 s - 5 potions of curing {@q1}
 t - 3 potions of flight
 u - a potion of mutation


   Skills:
 + Level 5.7 Fighting
 * Level 9.0 Axes
 + Level 7.0 Armour
 + Level 6.9 Shields
 + Level 3.9 Invocations


You had 8 spell levels left.
You didn't know any spells.
Your spell library was empty.

Dungeon Overview and Level Annotations

Branches:
Dungeon (8/15)             Temple (0/1) D:7            Lair (0/6) D:8
  Sewer (visited)

Altars:
Makhleb
Yredelemnul

Shops:
D:6 *


Innate Abilities, Weirdness & Mutations

You are resistant to damage.
You can heal yourself by infusing magical energy.
You passively map the area around you.
You do not regenerate.


Message History

No target in view!
No target in view!
No target in view!
No target in view!
No target in view!
No target in view!
No target in view!
No target in view!
No target in view!
No target in view!
No target in view!
No target in view!
No target in view!
No target in view!
No target in view!
No target in view!
Things that are here:
a +0 flail; an orc corpse; an orc corpse
Items here: )) ††.
Things that are here:
a +0 flail; a +0 chain mail; an orc corpse
Items here: )) [[ ††.
You see here a +0 hand axe.
Found a flail.
You now have 286 gold pieces (gained 19).
You now have 302 gold pieces (gained 16).
A basilisk and an orc wizard come into view.
The basilisk hisses angrily.
The orc wizard shouts!
You hear a trumpeting!
You hear a shout!
An orc comes into view. It is wielding a +0 hand axe.
You see here a flail.
There are monsters nearby!
There are monsters nearby!
There are monsters nearby!
There are monsters nearby!
A yak and an orc priest come into view.
The yak bellows!
The orc priest shouts!
The orc shouts!
An orc warrior comes into view. It is wielding a -1 flail.
An orc priest comes into view. It is wielding a +0 war axe.
The orc wizard casts a spell at you.
The puff of flame reflects off an invisible shield around you!
The puff of flame hits the orc wizard!
The orc warrior shouts!
A crocodile and an elephant come into view.
The elephant trumpets!
The orc priest shouts!
Found a staircase to the Lair.
You block the basilisk's attack.
You slash the basilisk!
The basilisk is moderately wounded.
You hit the orc. You block the orc's attack. The basilisk bites you.
You closely miss the orc.
The orc is heavily wounded.
You barely miss the yak. You hit the basilisk.
The basilisk bites you but does no damage.
You block the orc's attack. The yak gores you but does no damage.
You barely miss the orc wizard.
The orc wizard is severely wounded.
You slash the orc!
You kill the orc!
Makhleb accepts your kill.
You feel better.
You hit the basilisk but do no damage. You hit the yak. The basilisk bites you!
You block the yak's attack. You block the orc wizard's attack.
The crocodile bites you.
You barely miss the orc wizard.
The orc wizard is severely wounded.
Your chain mail prevents you from hitting the yak.
You hit the basilisk but do no damage. You closely miss the crocodile.
The basilisk bites you but does no damage.
You block the yak's attack.
The orc wizard gestures at you while chanting.
The puff of flame hits you!
The crocodile bites you but does no damage.
You are too injured to fight recklessly!
You are too injured to fight recklessly!
You are too injured to fight recklessly!
You are too injured to fight recklessly!
You are too injured to fight recklessly!
You are too injured to fight recklessly!
You are too injured to fight recklessly!
You are too injured to fight recklessly!
You are too injured to fight recklessly!
You are too injured to fight recklessly!
You are too injured to fight recklessly!
You are too injured to fight recklessly!
You are too injured to fight recklessly!
Unknown command.
The orc priest calls down the wrath of Beogh upon you.
Beogh smites you!
* * * LOW HITPOINT WARNING * * *
You block the orc wizard's attack.
The orc wizard casts a cantrip, but nothing happens.
The orc priest looks encouraged for a moment.
The orc warrior hits you with a cursed -1 flail.
* * * LOW HITPOINT WARNING * * *
The orc wizard looks braver for a moment.
Your magical essence is drained by the effort!
You feel much better. The basilisk gazes at you.
You resist with almost no effort.
Are you sure you want to abandon this character and quit the game? (Confirm with "yes".)

###)..#####........#..P..
,
##.........#.............
*
##...).....#..|..........,
,*
##......).........$....>.
##.....†)..#.>.o.oo......
*
##.........#..)t.o)......
*
#..........#...YotY#....P
* #..........#.##l####
.... #...............@#
..., * #................#,
* .. ###.######.......# ,,
. ,* # * #.......# ** * ,*
# ,, .....#..... ,,, , # ,
.....#...... * ,* # *
......#.#.... , , # ** .#
#.#.## *, *, , , , , * *


You could see an elephant, a basilisk, a crocodile and an orc priest.

Vanquished Creatures
  A hippogriff (D:8)
  Menkaure (D:5)
  Edmund (D:4)
  An ice beast (D:7)
  2 orc warriors
  2 phantoms
  A centaur (D:4)
  4 ogres
  A big kobold (Sewer)
  A bullfrog (D:6)
  A wyvern zombie (D:7)
  A scorpion (D:4)
  6 killer bees (D:8)
  4 wights (D:6)
  2 bullfrog zombies
  3 hounds
  2 orc priests
  A jelly (D:7)
  3 orc wizards (D:6)
  A centaur skeleton (D:7)
  An iguana (D:7)
  4 worker ants
  3 hound skeletons
  A howler monkey zombie (D:5)
  3 gnolls (D:4)
  A river rat (Sewer)
  13 adders
  3 white imps
  3 ufetubi
  An ooze (D:5)
  A worm (D:3)
  5 leopard geckos
  18 orcs
  3 bats
  4 giant cockroaches
  2 goblins
  2 hobgoblins (D:3)
  5 jackals
  2 quokkas
  A frilled lizard (D:5)
  A jackal skeleton (D:4)
  8 kobolds
  6 rats
130 creatures vanquished.

Notes
Turn   | Place    | Note
-------+----------+-------------------------------------------
     0 | D:1      | EnegeticOcto the Deep Dwarf Fighter began the quest for the
                  | Orb.
     0 | D:1      | Reached XP level 1. HP: 20/20 MP: 1/1
   148 | D:2      | Reached XP level 2. HP: 24/27 MP: 2/2
   175 | D:2      | Reached skill level 3 in Axes
   175 | D:2      | Reached XP level 3. HP: 24/34 MP: 3/3
   295 | D:3      | Reached XP level 4. HP: 30/42 MP: 4/4
   619 | D:4      | Reached skill level 4 in Axes
   619 | D:4      | Reached XP level 5. HP: 49/49 MP: 5/5
   700 | D:4      | Noticed an ogre
   704 | D:4      | Killed an ogre
   913 | D:4      | Reached XP level 6. HP: 34/56 MP: 6/6
  1236 | D:4      | Reached skill level 5 in Axes
  1287 | D:5      | Entered Level 5 of the Dungeon
  1289 | D:5      | Noticed Edmund
  1320 | D:4      | Reached skill level 5 in Armour
  1320 | D:4      | Reached XP level 7. HP: 51/64 MP: 4/4
  1339 | D:4      | Killed Edmund
  1339 | D:4      | Reached skill level 5 in Shields
  1349 | D:5      | Reached skill level 6 in Axes
  1459 | D:5      | Found a basalt altar of Yredelemnul.
  1599 | D:5      | Noticed Menkaure
  1610 | D:5      | Killed Menkaure
  1811 | D:6      | Reached XP level 8. HP: 41/73 MP: 4/4
  1872 | D:6      | Reached skill level 7 in Axes
  1891 | D:6      | Found a burning altar of Makhleb.
  1898 | D:6      | Became a worshipper of Makhleb the Destroyer
  1938 | D:6      | Reached skill level 5 in Fighting
  1953 | D:6      | Found Neath's Serpentskin Sales.
  2075 | D:6      | Reached skill level 1 in Invocations
  2259 | D:6      | Found a glowing drain.
  2270 | Sewer    | Entered a sewer
  2396 | Sewer    | Reached * piety under Makhleb
  2396 | Sewer    | Reached skill level 8 in Axes
  2426 | Sewer    | Found a white marble altar of Elyvilon.
  2613 | D:7      | Found a staircase to the Ecumenical Temple.
  2718 | D:7      | Gained mutation: You passively map the area around you.
                  | [Deep Dwarf growth]
  2718 | D:7      | Reached XP level 9. HP: 53/81 MP: 1/3
  3281 | D:8      | Reached skill level 9 in Axes
  3323 | D:8      | Found a staircase to the Lair.
  3323 | D:8      | Noticed an elephant
  3334 | D:8      | Quit the game

Illustrated notes

Levels and vault maps discovered:
D:1:      roderic_dead_forest, layout_basic
D:2:      minmay_door_path, layout_basic
D:3:      layout_basic, kennysheep_small_spiral, kennysheep_generic_room_5
D:4:      layout_gridville
D:5:      layout_rooms, basic_altar, uniq_edmund, uniq_menkaure
D:6:      layout_rooms, overflow_temple_1_default, portal_sewer_entry_d,
          guppyfry_shop_venom
D:7:      layout_rooms, minmay_temple_entry_large_hall
D:8:      layout_basic, david_lair_generic

Skill      XL: |  1  2  3  4  5  6  7  8  9 |
---------------+----------------------------+-----
Fighting       | 3 4 5 |  5.7
Axes           | 3 4 5 6 8 9 |  9.0
Shields        | 4 5 6 |  6.9
Armour         | 4 5 6 7 |  7.0
Invocations    | 2 3 |  3.9

Action                   |  1- 3 |  4- 6 |  7- 9 || total
-------------------------+-------+-------+-------++-------
Melee: War axe           |    65 |   105 |   363 ||   533
 Abil: Heal Wounds       |     1 |     9 |    14 ||    24
  Use: Scroll            |       |       |    18 ||    18
Armor: Scale mail        |    36 |     7 |       ||    43
       Chain mail        |       |    33 |   161 ||   194
Dodge: Dodged            |    19 |    23 |    77 ||   119
Block: Kite shield       |    48 |   125 |   362 ||   535
       Reflection        |       |     1 |     8 ||     9

Table legend: (Time is in decaauts)
 A = Elapsed time spent in this place.
 B = Non-inter-level travel time spent in this place.
 C = Inter-level travel time spent in this place.
 D = Time resting spent in this place.
 E = Time spent auto-exploring this place.
 F = Levels seen in this place.
 G = Mean time per level.
                   A        B        C        D        E       F      G
               +--------+--------+--------+--------+--------+-----+--------+
         Total |   3500 |   3336 |    164 |      0 |   2271 |   9 |  388.9 |
       Dungeon |   3266 |   3102 |    164 |      0 |   2127 |   8 |  408.2 |
         Sewer |    233 |    233 |      0 |      0 |    144 |   1 |  233.0 |
               +--------+--------+--------+--------+--------+-----+--------+

Top non-repeatable levels by time:
     D:4: 894 daAuts
     D:6: 606 daAuts
     D:7: 504 daAuts
     D:5: 488 daAuts
     D:8: 275 daAuts
   Sewer: 233 daAuts
     D:3: 211 daAuts
     D:2: 161 daAuts
     D:1: 124 daAuts
